 Dungeon Crawl Stone Soup version 0.21.1-1-g345015fe64 (webtiles) character file.

101 Neverless the Ruffian (level 4, 0/66 HPs)
             Began as a Troll Berserker on June 27, 2018.
             Was a Believer of Trog.
             Killed from afar by an orc wizard (4 damage)
             ... with a puff of flame
             ... on level 3 of the Dungeon.
             The game lasted 00:07:06 (1335 turns).

Neverless the Ruffian (Troll Berserker)             Turns: 1335, Time: 00:07:08

Health: 0/66       AC:  5    Str: 31    XL:     4   Next: 48%
Magic:  3/3        EV: 10    Int:  3    God:    Trog [**....]
Gold:   109        SH:  0    Dex:  9    Spells: 3/3 levels left

rFire    . . .     SeeInvis .     - Unarmed
rCold    . . .     Gourm    +   (no shield)
rNeg     . . .     Faith    .   a - +0 animal skin
rPois    .         Spirit   .   (helmet restricted)
rElec    .         Reflect  .   (no cloak)
rCorr    .         Harm     .   (gloves unavailable)
MR       .....                  (boots unavailable)
Stlth    ..........             (no amulet)
HPRegen  0.61/turn              (no ring)
MPRegen  0.08/turn              (no ring)

@: berserking, very quick
A: large, unfitting armour, claws 3, fast metabolism 3, gourmand, regeneration
1, shaggy fur 1, tough skin 2
a: Berserk, Trog's Hand, Burn Spellbooks, Renounce Religion


You were on level 3 of the Dungeon.
You worshipped Trog.
Trog was pleased with you.
You were very full.

You visited 1 branch of the dungeon, and saw 3 of its levels.

You collected 109 gold pieces.

Inventory:

Hand Weapons
 k - a +0 dagger of draining
Armour
 a - a +0 animal skin (worn)
Jewellery
 g - an uncursed ring of poison resistance {unknown}
Scrolls
 d - a scroll of immolation {unknown}
 f - a scroll of random uselessness {unknown}
 h - 2 scrolls of remove curse {unknown}
 i - 4 scrolls of identify {unknown}
 j - a scroll of fear {unknown}
 l - 3 scrolls of magic mapping {unknown}
 m - a scroll of fog {unknown}
Potions
 c - a potion of ambrosia {unknown}
 e - a potion of cancellation {unknown}
 o - a potion of curing {unknown}
 p - a potion of haste {unknown}
Comestibles
 b - 5 rations
 n - 9 chunks of flesh


   Skills:
 + Level 2.9 Fighting
 + Level 3.1 Dodging
 + Level 4.3 Unarmed Combat


You had 3 spell levels left.
You didn't know any spells.

Dungeon Overview and Level Annotations

Branches:
Dungeon (3/15)

Altars:
Sif Muna


Innate Abilities, Weirdness & Mutations

You are too large for most types of armour.
You have claws for hands.
Your metabolism is lightning-fast.
You like to eat raw meat.
Your natural rate of healing is unusually fast.
You are covered in fur. (AC +1)
You have very tough skin. (AC +2)


Message History

The orc wizard hits you but does no damage.
The bat hits you but does no damage. The orc wizard closely misses you.
The orc wizard barely misses you. The orc hits you but does no damage.
You feel a strong urge to attack something.
The bat hits you but does no damage.
The orc wizard gestures wildly while chanting.
The orc wizard blinks!
You completely miss the orc wizard.
The orc wizard is moderately wounded.
The orc wizard points at you and mumbles some strange words.
The magic dart hits you!
* * * LOW HITPOINT WARNING * * *
The bat hits you but does no damage.
You closely miss the orc wizard.
The orc wizard is moderately wounded.
The bat hits you but does no damage.
The orc wizard hits you but does no damage.
The orc wizard casts a spell at you. The puff of flame hits you!
You die...

#### ... ### ###.#.###
##.#####...# ..#
###........#####o#
.............#§b@#
.##...#####..#.o########
.#.....###.....o........
...)....##.#....########
.......##.###.)....#
.#.........#...###.#
.#...######.#.## #
.#..## ###.# .#..# ...


You could see 2 orc wizards, an orc and a bat.

Vanquished Creatures
  An adder (D:2)
  4 gnolls
  An ooze (D:2)
  A worm (D:2)
  2 dart slugs (D:1)
  A leopard gecko (D:1)
  2 orcs (D:3)
  2 ball pythons (D:1)
  3 giant cockroaches
  2 goblins (D:2)
  5 hobgoblins
  4 jackals (D:1)
  4 bats
  A frilled lizard (D:2)
  3 kobolds
  7 rats
43 creatures vanquished.

Notes
Turn   | Place    | Note
-------+----------+-------------------------------------------
     0 | D:1      | Neverless the Troll Berserker began the quest for the Orb.
     0 | D:1      | Reached XP level 1. HP: 22/22 MP: 0/0
    30 | D:1      | Reached XP level 2. HP: 23/29 MP: 1/1
   186 | D:1      | Reached XP level 3. HP: 36/36 MP: 2/2
   401 | D:1      | Reached ** piety under Trog
   728 | D:2      | Found a deep blue altar of Sif Muna.
  1255 | D:3      | Reached skill level 4 in Unarmed Combat
  1255 | D:3      | Reached XP level 4. HP: 41/44 MP: 3/3
  1331 | D:3      | HP: 2/44 [something/puff of flame (7)]
  1335 | D:3      | Killed from afar by an orc wizard

Skill      XL: |  1  2  3 |
---------------+----------+-----
Dodging        | 3 |  3.1
Unarmed Combat | 4 |  4.3
Fighting       | |  2.9

Action                   |  1- 3 |  4- 6 || total
-------------------------+-------+-------++-------
Melee: Unarmed           |    76 |    30 ||   106
       Punch             |     1 |       ||     1
Invok: Berserk           |       |     1 ||     1
  Eat: Chunk             |    17 |       ||    17
Armor: Animal skin       |    18 |    35 ||    53
Dodge: Dodged            |    28 |    26 ||    54
